 Dungeon Crawl Stone Soup version 0.31-a0-188-g5e087ee2ca (webtiles) character file.

Game seed: 16985528579131807334

402 qw the Skirmisher (level 6, -2/35 HPs)
             Began as a Deep Elf Hunter on June 23, 2023.
             Slain by an adder (3 damage)
             ... in a sewer.
             The game lasted 00:01:26 (2608 turns).

qw the Skirmisher (Deep Elf Hunter)                 Turns: 2608, Time: 00:01:26

Health: -2/35      AC:  6    Str: 10    XL:     6   Next: 55%
Magic:  8/8        EV: 11    Int: 14    God:
Gold:   173        SH:  5    Dex: 18    Spells: 5/5 levels left

rFire   . . .        Y - +0 shortbow
rCold   . . .        (shield currently unavailable)
rNeg    . . .        f - +0 ring mail
rPois   .            (no helmet)
rElec   .            b - +0 cloak
rCorr   .            (no gloves)
SInv    .            (no boots)
Will    .....        g - amulet of reflection
Stlth   +            (no ring)
HPRegen 0.25/turn    (no ring)
MPRegen 0.11/turn

%: reflection
@: lethally poisoned (-2 -> -5)
A: no striking features
a: no special abilities


You were in a sewer.
You visited 1 branch of the dungeon, and saw 4 of its levels.
You also visited: Sewer.

You collected 173 gold pieces.


   Skills:
 - Level 2.0 Fighting
 - Level 10.0 Ranged Weapons
 + Level 0.2 Armour
 - Level 3.0 Dodging
 - Level 1.2 Stealth


You had 5 spell levels left.
You didn't know any spells.
Your spell library was empty.

Inventory:

Hand Weapons
 Y - a +0 shortbow (weapon)
Armour
 b - a +0 cloak (worn)
 f - a +0 ring mail (worn)
Jewellery
 g - an amulet of reflection (around neck)
Scrolls
 a - a scroll of identify
 j - a scroll of blinking {unknown}
 k - a scroll of teleportation {unknown}
Potions
 c - a potion of degeneration {unknown}
 d - a potion of enlightenment {unknown}
 e - a potion of curing
 h - a potion of ambrosia {unknown}
 i - a potion of brilliance {unknown}
 l - a potion of heal wounds {unknown}
 m - 2 potions of might {unknown}

Dungeon Overview and Level Annotations

Branches:
Dungeon (4/15)              Sewer (1/1)
 Temple: D:4-7

Altars:


Message History

You shoot an arrow. The arrow hits the bullfrog.
The bullfrog is heavily wounded.
You feel sick. The bullfrog hits you. The bullfrog barely misses you.
You block the ball python's attack. The ball python grabs you.
The ball python constricts you. The adder bites you but does no damage.
You block the bullfrog's attack. The ball python barely misses you.
You shoot an arrow.
The arrow barely misses the ball python.
You feel sick. The bullfrog hits you. The adder bites you.
The bullfrog hits you but does no damage.
The adder barely misses you. You block the ball python's attack.
The ball python constricts you. The bullfrog hits you.
The ball python bites you. The adder closely misses you.
The bullfrog hits you but does no damage.
The ball python bites you. The ball python constricts you.
The adder bites you but does no damage.
You shoot an arrow. The arrow hits the ball python.
The ball python is severely wounded.
You feel sick. The bullfrog closely misses you.
The bullfrog hits you but does no damage.
You block the ball python's attack. The adder bites you.
You are lethally poisoned!
The adder poisons you! The adder bites you but does no damage.
The ball python bites you but does no damage.
The ball python constricts you. The bullfrog barely misses you.
You shoot an arrow. The arrow hits the ball python.
You kill the ball python!
You feel sick. The bullfrog barely misses you. The ball python misses you.
The ball python closely misses you. The adder closely misses you.
The adder barely misses you. You block the bullfrog's attack.
The ball python bites you but does no damage.
The ball python closely misses you. The bullfrog completely misses you.
You shoot an arrow.
The arrow hits the bullfrog but does no damage.
The bullfrog is moderately wounded.
You feel sick. You block the adder's attack.
The bullfrog hits you but does no damage.
You block the ball python's attack. The ball python closely misses you.
The adder bites you.
You die...

#~~~~~~#####
#~~~~~
#~~~~~~#
#~~~~~
#~~~~~~#
#~~~~~
#~~~~~~#
#~~~~~
#~~~~~~#
#~~~~~
#~~~~~~#
#~..~.
#~~~~~~#
#~~..~
#~SS~~~#
#~.~~~
#F@Sl~~#
#~~~~~
#SF#~~~#
#~~~~~
#~#~~~~#
#~~~~~ #~
~~~~# #~~~~~
#~ ~~~~#
#~~~~~ #r
~~~~# #~~~~~
#~ ~#~~#
#~~~~~ ##
~~~## ##~..~
.... #.....


You could see 2 bullfrogs, 2 adders, 2 ball pythons, a frilled lizard and a rat.

Vanquished Creatures
  Grinder (D:3)
  3 river rats (Sewer)
  5 adders
  3 worms
  4 orcs
  11 bats
  7 endoplasms
  6 giant cockroaches
  6 goblins
  6 hobgoblins
  3 jackals
  11 kobolds
  3 quokkas
  19 ball pythons
  3 frilled lizards
  35 rats
126 creatures vanquished.

Notes
Turn   | Place    | Note
-------+----------+-------------------------------------------
     0 | D:1      | qw the Deep Elf Hunter began the quest for the Orb.
     0 | D:1      | Reached XP level 1. HP: 12/12 MP: 3/3
     0 | D:1      | 0 ||| qw: Version: 0.3-a-9-g12657ce
     0 | D:1      | 0 ||| qw: Game counter: 3840
     0 | D:1      | 0 ||| qw: Always use a shield: true
     0 | D:1      | 0 ||| qw: God list: Okawaru
     0 | D:1      | 0 ||| qw: Allow faded altars: false
     0 | D:1      | 0 ||| qw: Do Orc after D:15 true
     0 | D:1      | 0 ||| qw: Do second Lair branch before Depths: true
     0 | D:1      | 0 ||| qw: Lair rune preference: random
     0 | D:1      | 0 ||| qw: Plans: Normal
     0 | D:1      | 0 ||| PLANNING D:1-11
    43 | D:1      | Reached skill level 6 in Ranged Weapons
    43 | D:1      | Reached XP level 2. HP: 16/16 MP: 4/4
   521 | D:1      | Reached XP level 3. HP: 20/20 MP: 5/5
   801 | D:1      | 801 ||| UPGRADING to +0 ring mail.
   811 | D:1      | 811 ||| DROPPING +0 leather armour.
   812 | D:1      | 812 ||| DROPPING scroll of butterflies.
   842 | D:2      | 842 ||| STAIRDANCE
   854 | D:1      | Reached skill level 7 in Ranged Weapons
  1119 | D:2      | Reached XP level 4. HP: 25/25 MP: 6/6
  1307 | D:2      | 1307 ||| UPGRADING to amulet of reflection.
  1312 | D:2      | 1312 ||| READING 2 scrolls labelled ALUCEJI SELL.
  1683 | D:3      | Noticed Grinder
  1689 | D:3      | Paralysed by Grinder for 2 turns
  1696 | D:3      | 1696 ||| FLEEEEING.
  1701 | D:3      | 1701 ||| FLEEEEING.
  1702 | D:3      | 1702 ||| FLEEEEING.
  1703 | D:3      | 1703 ||| FLEEEEING.
  1704 | D:3      | 1704 ||| FLEEEEING.
  1705 | D:3      | 1705 ||| FLEEEEING.
  1706 | D:3      | 1706 ||| FLEEEEING.
  1723 | D:3      | Paralysed by Grinder for 5 turns
  1731 | D:3      | Killed Grinder
  1732 | D:3      | Reached skill level 9 in Ranged Weapons
  1732 | D:3      | Reached XP level 5. HP: 20/29 MP: 7/7
  1732 | D:3      | Reached XP level 6. HP: 24/34 MP: 8/8
  2202 | D:3      | 2202 ||| UPGRADING to +0 cloak.
  2207 | D:3      | 2207 ||| DRINKING 2 inky potions.
  2208 | D:3      | 2208 ||| READING 2 scrolls of identify.
  2208 | D:3      | 2208 ||| IDENTIFYING smoky brown potion
  2209 | D:3      | 2209 ||| DROPPING potion of lignification.
  2220 | D:4      | 2220 ||| PLANNING SEWER
  2284 | D:4      | Found a glowing drain.
  2298 | Sewer    | Entered a sewer
  2311 | Sewer    | 2311 ||| Stepping ~*~*~tactically~*~*~ (water).
  2426 | Sewer    | Reached skill level 10 in Ranged Weapons
  2507 | Sewer    | 2507 ||| Stepping ~*~*~tactically~*~*~ (water).
  2518 | Sewer    | Reached skill level 3 in Dodging
  2591 | Sewer    | 2591 ||| Stepping ~*~*~tactically~*~*~ (water).
  2596 | Sewer    | 2596 ||| Stepping ~*~*~tactically~*~*~ (water).
  2598 | Sewer    | 2598 ||| Stepping ~*~*~tactically~*~*~ (water).
  2605 | Sewer    | HP: 8/35 [ball python (1)]
  2607 | Sewer    | HP: 2/35 [poisoned by an adder]
  2608 | Sewer    | Slain by an adder

Levels and vault maps discovered:
D:1:      heliophobic_arrival_glass_houses, layout_basic,
          wad_floor_pattern_untrapped
D:2:      layout_rooms, serial_bayou, serial_bayou_shore_b, serial_bayou_pond_b,
          serial_bayou_pond_d, serial_bayou_pond_d
D:3:      layout_loops_corners, uniq_grinder
D:4:      layout_basic, grunt_temple_overflow_open,
          minmay_temple_entry_drinking_statues, portal_sewer_entry_a
Sewer:    sewer_minmay_w

Skill      XL: |  1  2  3  4  5  6 |
---------------+-------------------+-----
Ranged Weapons | 6 7 9 10 | 10.0
Fighting       | 2 |  2.0
Dodging        | 3 |  3.0
Armour         | |  0.2
Stealth        | |  1.2

Action                     |  1- 3 |  4- 6 || total
---------------------------+-------+-------++-------
   Fire: Shortbow          |   160 |   206 ||   366
    Use: Scroll            |       |     2 ||     2
         Potion            |       |     1 ||     1
 Armour: Leather armour    |     5 |       ||     5
         Ring mail         |    25 |    36 ||    61
  Dodge: Dodged            |    61 |    54 ||   115
  Block: Other             |       |    31 ||    31
         Reflection        |       |     1 ||     1

Table legend:
 A = Non-vault XP
 B = Vault XP
 C = Vault XP percentage of total XP
 D = Non-vault monster count
 E = Vault monster count
 F = Vault count percentage of total count
                 A         B        C        D         E       F
            +---------+---------+-------+---------+---------+-------
      Total |     145 |     430 |  74.8 |      69 |      57 |  45.2
            +---------+---------+-------+---------+---------+-------
        D:1 |      61 |       0 |   0.0 |      38 |       0 |   0.0
        D:2 |      29 |       7 |  19.4 |      10 |       4 |  28.6
        D:3 |      50 |     286 |  85.1 |      19 |       1 |   5.0
        D:4 |       5 |       9 |  64.3 |       2 |       5 |  71.4
      Sewer |       0 |     128 | 100.0 |       0 |      47 | 100.0
            +---------+---------+-------+---------+---------+-------
